 Dungeon Crawl Stone Soup version 0.30-a0-1008-g30c9307041 (webtiles) character file.

Game seed: 5781415711606674876

38 Maxmaps the Insei (level 3, -5/29 HPs)
             Began as a Demonspawn Monk on Apr 5, 2023.
             Slain by an ogre
             ... wielding a +0 giant club
              (22 damage)
             ... on level 2 of the Dungeon.
             The game lasted 00:02:25 (1043 turns).

Maxmaps the Insei (Demonspawn Monk)                 Turns: 1043, Time: 00:02:26

Health: -5/29      AC:  3    Str: 11    XL:     3   Next: 25%
Magic:  3/3        EV: 12    Int: 13    God:
Gold:   52         SH:  0    Dex: 15    Spells: 2/2 levels left

rFire   . . .      SeeInvis .      - Unarmed
rCold   . . .      Faith    .    (no shield)
rNeg    . . .      Spirit   .    a - +0 robe
rPois   .          Reflect  .    (no helmet)
rElec   .          Rampage  .    d - scarf {repulsion}
rCorr   .                        (no gloves)
Will    +....                    (no boots)
Stlth   ++                       (no amulet)
HPRegen 0.24/turn                f - ring of willpower
MPRegen 0.08/turn                (no ring)

@: repel missiles
A: claws 1, sharp scales 1
a: no special abilities


You were on level 2 of the Dungeon.
You visited 1 branch of the dungeon, and saw 2 of its levels.

You collected 88 gold pieces.
You spent 36 gold pieces at shops.

Inventory:

Armour
 a - a +0 robe (worn)
 d - a scarf of repulsion (worn)
Jewellery
 f - a ring of willpower (left claw)
Scrolls
 c - a scroll of silence {unknown}
 e - a scroll of fog {unknown}
 g - 2 scrolls of identify {unknown}
 h - a scroll of noise {unknown}
 i - a scroll of poison {unknown}
 j - a scroll of immolation {unknown}
Potions
 b - a potion of ambrosia
 k - a potion of curing {unknown}
 l - a potion of lignification


   Skills:
 - Level 3.0 Fighting
 - Level 2.6 Dodging
 - Level 1.7 Stealth
 + Level 4.0 Unarmed Combat


You had 2 spell levels left.
You didn't know any spells.
Your spell library was empty.

Dungeon Overview and Level Annotations

Branches:
Dungeon (2/15)

Altars:

Shops:
D:1 *


Innate Abilities, Weirdness & Mutations

You have sharp fingernails.
You are partially covered in razor-sharp scales. (AC +1, Slay +1)


Message History

Done exploring.
No target in view!
Done exploring.
Done exploring.
No target in view!
You see here a +0 dagger.
There is a stone staircase leading down here.
There is an entrance to Ablukoes's General Store here.
l - a potion of lignification Thank you for shopping at Ablukoes's General Store!
(D) Dungeon
Where to? (Enter - D:1 @ (x,y), ? - help)
What level of the Dungeon? (default 1, ? - help)
There is a stone staircase leading down here.
You climb downwards.
There is a stone staircase leading up here.
Unknown command.
Key pressed, stopping explore.
Nothing quivered!
Found a stone staircase leading up.
An ogre comes into view. It is wielding a +0 giant club.
The ogre shouts!
You swing at nothing.
You swing at nothing.
You swing at nothing.
You swing at nothing.
You claw the ogre!
The ogre is moderately wounded.
The ogre misses you.
You barely miss the ogre.
The ogre is moderately wounded.
A rat comes into view.
The ogre hits you with a +0 giant club!
You claw the ogre!
The ogre is heavily wounded.
You scratch the ogre.
The ogre is severely wounded.
The ogre hits you with a +0 giant club!!
Ouch! That really hurt!
You die...

#################
#................
#.#######.###.######.
#.#######.###...r....
######..........@O..#
.......#######.####.#
#.####<# #.# .# #.#
#.# .. ... #.# #..
.#### ... ... #. #.<
...# # ### ####


You could see an ogre and a rat.

Vanquished Creatures
  A bat (D:1)
  7 endoplasms (D:1)
  A giant cockroach (D:1)
  4 goblins (D:1)
  2 hobgoblins (D:1)
  A jackal (D:1)
  3 ball pythons (D:1)
  2 frilled lizards (D:1)
  6 kobolds (D:1)
  6 rats (D:1)
33 creatures vanquished.

Notes
Turn   | Place    | Note
-------+----------+-------------------------------------------
     0 | D:1      | Maxmaps the Demonspawn Monk began the quest for the Orb.
     0 | D:1      | Reached XP level 1. HP: 18/18 MP: 1/1
    31 | D:1      | Reached skill level 3 in Unarmed Combat
    74 | D:1      | Gained mutation: You have sharp fingernails. [demonic
                  | ancestry]
    74 | D:1      | Reached XP level 2. HP: 3/24 MP: 2/2
   462 | D:1      | Gained mutation: You are partially covered in razor-sharp
                  | scales. (AC +1, Slay +1) [demonic ancestry]
   462 | D:1      | Reached XP level 3. HP: 25/29 MP: 3/3
   727 | D:1      | Found Ablukoes's General Store.
   732 | D:1      | Reached skill level 4 in Unarmed Combat
   992 | D:1      | Bought a potion of lignification for 36 gold pieces
  1032 | D:2      | Noticed an ogre
  1043 | D:2      | Slain by an ogre

Illustrated notes

Levels and vault maps discovered:
D:1:      roderic_chinese_lattice_arrival, layout_basic, serial_shops, shop,
          minmay_indecisive_spiral
D:2:      minmay_spotlight, layout_loops_ring,
          hellmonk_ecumenical_altar_blasted, minmay_tall_x

Skill      XL: |  1  2  3 |
---------------+----------+-----
Unarmed Combat | 3 4 |  4.0
Fighting       | |  3.0
Dodging        | |  2.6
Stealth        | |  1.7

Action                     || total
---------------------------++-------
  Melee: Unarmed           ||    76
         Short sword       ||     8
         Punch             ||     4
   Stab: Sleeping          ||     2
 Armour: Robe              ||    11
  Dodge: Dodged            ||    43

Table legend: (Time is in decaauts)
 A = Elapsed time spent in this place.
 B = Non-inter-level travel time spent in this place.
 C = Inter-level travel time spent in this place.
 D = Time resting spent in this place.
 E = Time spent auto-exploring this place.
 F = Levels seen in this place.
 G = Mean time per level.
                   A        B        C        D        E       F      G
               +--------+--------+--------+--------+--------+-----+--------+
         Total |   1036 |    958 |     78 |    182 |    574 |   2 |  518.0 |
       Dungeon |   1036 |    958 |     78 |    182 |    574 |   2 |  518.0 |
               +--------+--------+--------+--------+--------+-----+--------+

Top non-repeatable levels by time:
     D:1: 1007 daAuts
     D:2: 29 daAuts
